 Dungeon Crawl Stone Soup version 0.31-a0-192-ga50d7bf3bb (webtiles) character file.

Game seed: 16399473380422047866

222 qw the Skirmisher (level 5, -20/29 HPs)
             Began as a Deep Elf Hunter on June 23, 2023.
             Demolished by an ogre
             ... wielding a +0 giant club
              (22 damage)
             ... on level 4 of the Dungeon.
             The game lasted 00:01:00 (2474 turns).

qw the Skirmisher (Deep Elf Hunter)                 Turns: 2474, Time: 00:01:00

Health: -20/29     AC:  6    Str: 10    XL:     5   Next: 66%
Magic:  7/7        EV: 11    Int: 14    God:
Gold:   165        SH:  0    Dex: 18    Spells: 4/4 levels left

rFire   + . .        Y - +0 shortbow (freeze)
rCold   + . .        (shield currently unavailable)
rNeg    . . .        i - +0 ring mail
rPois   .            f - +0 helmet
rElec   .            (no cloak)
rCorr   .            (no gloves)
SInv    .            (no boots)
Will    .....        (no amulet)
Stlth   +            e - ring of protection from fire
HPRegen 0.24/turn    a - ring of protection from cold
MPRegen 0.10/turn

%: no passive effects
@: about to teleport
A: no striking features
a: no special abilities


You were on level 4 of the Dungeon.
You visited 1 branch of the dungeon, and saw 4 of its levels.

You collected 165 gold pieces.


   Skills:
 + Level 1.5 Fighting
 - Level 9.2 Ranged Weapons
 - Level 2.4 Dodging
 - Level 1.2 Stealth


You had 4 spell levels left.
You didn't know any spells.
Your spell library was empty.

Inventory:

Hand Weapons
 Y - a +0 shortbow of freezing (weapon)
Armour
 f - a +0 helmet (worn)
 i - a +0 ring mail (worn)
Jewellery
 a - a ring of protection from cold (right hand)
 b - a ring of wizardry
 e - a ring of protection from fire (left hand)
 h - a ring of ice
Scrolls
 d - 2 scrolls of identify
 g - a scroll of teleportation
Potions
 c - a potion of resistance {unknown}
 j - a potion of mutation {unknown}
 k - a potion of degeneration {unknown}

Dungeon Overview and Level Annotations

Branches:
Dungeon (4/15)
 Temple: D:4-7

Altars:
Cheibriados
Trog
Vehumet
Zin

Shops:
D:1 =

Annotations:
D:3 2 transporters, qw's ghost, amateur DEHu


Message History

An orc comes into view. It is wielding a +0 club.
An orc comes into view. It is wielding a +0 short sword.
Enter note:
Enter note:
Enter note:
Enter note:
Enter note:
Enter note:
Enter note:
Enter note:
Enter note:
Enter note:
Enter note:
Enter note:
Enter note:
Enter note:
Enter note: You shoot an arrow.
The arrow barely misses the ogre.
The orc shouts! x2
An endoplasm comes into view.
You shoot an arrow. The endoplasm quivers.
The arrow hits the ogre.
The arrow freezes the ogre.
The ogre is lightly wounded.
An orc comes into view. It is wielding a +0 club.
The ogre closely misses you.
You shoot an arrow. The orc shouts!
The arrow hits the ogre!
The arrow freezes the ogre.
The ogre is heavily wounded.
The ogre hits you with a +0 giant club!!
Ouch! That really hurt!
2473 ||| READING 2 scrolls of teleportation.
As you read the scroll of teleportation, it crumbles to dust.
You feel strangely unstable.
You shoot an arrow. The arrow hits the ogre.
The arrow freezes the ogre.
The ogre is severely wounded.
The ogre hits you with a +0 giant club!!
Ouch! That really hurt!
You die...

##.......### ......#
#...###......##.#
#.###...
#....#..#....... ##
#.... #.......#......
##.## #.........##..#
...#. ##..........#..#
.. #. #..>...........#
#.. ...
#...##.........##....#
#..
##..##........@O..J.#
##.##.###._.###oo..#
#.##.. #...# .....:.
#.##.#.##.##.# o.#.
#.##.#.......# .#
#....####.####... ..
####............. .
#.####.####... #.#
....


You could see an ogre, 3 orcs and an endoplasm.

Vanquished Creatures
  A howler monkey (D:4)
  Ijyb (D:3)
  Terence (D:3)
  4 gnolls (D:3)
  2 adders
  A worm (D:3)
  3 dart slugs
  An orc (D:3)
  4 endoplasms
  4 goblins
  6 hobgoblins
  5 jackals (D:1)
  6 kobolds
  5 quokkas
  11 ball pythons
  7 bats
  2 frilled lizards
  5 rats
69 creatures vanquished.

Notes
Turn   | Place    | Note
-------+----------+-------------------------------------------
     0 | D:1      | qw the Deep Elf Hunter began the quest for the Orb.
     0 | D:1      | Reached XP level 1. HP: 12/12 MP: 3/3
     0 | D:1      | 0 ||| qw: Version: 0.3-a-9-g12657ce
     0 | D:1      | 0 ||| qw: Game counter: 4588
     0 | D:1      | 0 ||| qw: Always use a shield: true
     0 | D:1      | 0 ||| qw: God list: Okawaru
     0 | D:1      | 0 ||| qw: Allow faded altars: false
     0 | D:1      | 0 ||| qw: Do Orc after D:15 true
     0 | D:1      | 0 ||| qw: Do second Lair branch before Depths: true
     0 | D:1      | 0 ||| qw: Lair rune preference: random
     0 | D:1      | 0 ||| qw: Plans: Normal
     0 | D:1      | 0 ||| PLANNING D:1-11
    32 | D:1      | 32 ||| Stepping ~*~*~tactically~*~*~ (outnumbered).
    87 | D:1      | Reached skill level 6 in Ranged Weapons
    87 | D:1      | Reached XP level 2. HP: 16/16 MP: 4/4
   260 | D:1      | 260 ||| UPGRADING to +0 helmet.
   265 | D:1      | 265 ||| Stepping ~*~*~tactically~*~*~ (water).
   688 | D:1      | 688 ||| UPGRADING to +0 ring mail.
   698 | D:1      | 698 ||| DROPPING +0 leather armour.
   858 | D:1      | Found Yxosi's Jewellery Shop.
   863 | D:1      | 863 ||| SHOPLISTING +4 ring of protection (468 gold, have
                  | 55).
   863 | D:1      | 863 ||| SHOPLISTING +6 ring of strength (468 gold, have
                  | 55).
   863 | D:1      | 863 ||| SHOPLISTING amulet of faith (520 gold, have 55).
   863 | D:1      | 863 ||| SHOPLISTING ring of Neic {Fly rF++ rC+} (637 gold,
                  | have 55).
   863 | D:1      | 863 ||| SHOPLISTING ring of fire (325 gold, have 55).
   863 | D:1      | 863 ||| SHOPLISTING ring of protection from cold (325 gold,
                  | have 55).
   863 | D:1      | 863 ||| SHOPLISTING ring of the Queen {Fire *Slow Str+4
                  | Int+3} (534 gold, have 55).
   946 | D:1      | 946 ||| UPGRADING to ring of protection from fire.
   947 | D:1      | 947 ||| READING scroll labelled UTRUYNLEVVYFU.
   948 | D:1      | 948 ||| READING scroll labelled POGIYCLA GEUB.
   952 | D:1      | 952 ||| READING scroll labelled RUMMER RUMIE.
   953 | D:1      | 953 ||| READING scroll labelled WIERHI UMAGE.
   954 | D:1      | 954 ||| DROPPING scroll of butterflies.
  1011 | D:2      | Reached XP level 3. HP: 20/20 MP: 5/5
  1180 | D:2      | 1180 ||| UPGRADING to ring of protection from cold.
  1188 | D:2      | 1188 ||| STAIRDANCE
  1230 | D:2      | Reached skill level 7 in Ranged Weapons
  1240 | D:2      | Found a bloodstained altar of Trog.
  1387 | D:2      | 1387 ||| DROPPING amulet of magic regeneration.
  1421 | D:3      | Reached XP level 4. HP: 12/25 MP: 6/6
  1499 | D:3      | Noticed Terence
  1508 | D:3      | HP: 4/25 [Terence/+0 morningstar (6)]
  1512 | D:3      | Killed Terence
  1513 | D:3      | Reached skill level 8 in Ranged Weapons
  1728 | D:3      | Found a bloodstained altar of Trog.
  1803 | D:3      | Noticed Ijyb
  1815 | D:3      | Reached XP level 5. HP: 28/29 MP: 7/7
  1822 | D:3      | Killed Ijyb
  2044 | D:3      | Found a transporter.
  2073 | D:3      | Identified the +3 buckler of Saufo {rF++ Str+3 Stlth-}
  2097 | D:3      | Found a transporter.
  2125 | D:3      | Noticed qw's ghost (amateur DEHu)
  2168 | D:3      | Found a glowing silver altar of Zin.
  2196 | D:3      | 2196 ||| READING 3 scrolls labelled EBBIROATID.
  2197 | D:3      | 2197 ||| READING scroll labelled IZYPOD GURI.
  2198 | D:3      | 2198 ||| READING 2 scrolls of identify.
  2198 | D:3      | 2198 ||| IDENTIFYING smoky coppery potion
  2199 | D:3      | 2199 ||| DROPPING potion of lignification.
  2206 | D:4      | 2206 ||| PLANNING SEWER
  2292 | D:4      | Reached skill level 9 in Ranged Weapons
  2440 | D:4      | Found a radiant altar of Vehumet.
  2460 | D:4      | Found a snail-covered altar of Cheibriados.
  2469 | D:4      | Noticed an ogre
  2472 | D:4      | HP: 2/29 [ogre/+0 giant club (27)]
  2473 | D:4      | 2473 ||| READING 2 scrolls of teleportation.
  2474 | D:4      | Demolished by an ogre

Levels and vault maps discovered:
D:1:      spicycebolla_arrival_ecumenical, layout_loops_corners, serial_shops,
          shop, st_stairs_2, serial_bayou_lagoon_a, minmay_pentomino_t4
D:2:      cheibrodos_helix_gallery, layout_rooms, basic_altar
D:3:      layout_basic, zin_scriptorium, mainiacjoe_overflow_tiny_flanked,
          gammafunk_ghost_gnarly_gnolls, uniq_ijyb, uniq_terence
D:4:      layout_cave_pools, mainiacjoe_overflow_large_starburst,
          gup_sewer_entry_bowl, dreamdust_princess_bridge

Skill      XL: |  1  2  3  4  5 |
---------------+----------------+-----
Ranged Weapons | 6 7 8 9 |  9.2
Fighting       | |  1.5
Dodging        | |  2.4
Stealth        | |  1.2

Action                     |  1- 3 |  4- 6 || total
---------------------------+-------+-------++-------
   Fire: Shortbow          |   112 |    97 ||   209
    Use: Scroll            |     4 |     4 ||     8
 Armour: Leather armour    |     9 |       ||     9
         Ring mail         |    14 |    10 ||    24
  Dodge: Dodged            |    27 |    33 ||    60

Table legend:
 A = Non-vault XP
 B = Vault XP
 C = Vault XP percentage of total XP
 D = Non-vault monster count
 E = Vault monster count
 F = Vault count percentage of total count
                 A         B        C        D         E       F
            +---------+---------+-------+---------+---------+-------
      Total |     235 |      83 |  26.1 |      60 |       9 |  13.0
            +---------+---------+-------+---------+---------+-------
        D:1 |      30 |       7 |  18.9 |      17 |       5 |  22.7
        D:2 |      27 |       4 |  12.9 |      15 |       2 |  11.8
        D:3 |     101 |      72 |  41.6 |      21 |       2 |   8.7
        D:4 |      77 |       0 |   0.0 |       7 |       0 |   0.0
            +---------+---------+-------+---------+---------+-------
